Map: [ESL] Oceanborn

Players

Firefly - Winner!

  • Race: Protoss Protoss
  • Spawn Location: 5:00

Nanami

  • Race: Protoss Protoss
  • Spawn Location: 11:00

Event: ESL SC2 Masters 2024 Spring (Regional)

VOD

Have the link to the VOD?

Description

Time

  • Played on: April 26, 2024, 8:25 a.m.
  • Length: 11:43

All games in this series

Show
View Real Time Build Order
Export as new Build Order

Firefly Protoss - Winner!

Build Orders: Phoenix Opening 

Get SALT Encoding   

  12  0:00  Probe  
  13  0:12  Probe  
  14  0:18  Pylon  
  14  0:24  Probe  
  15  0:36  Gateway, Probe (Chrono Boost)  
  16  0:46  Assimilator, Probe (Chrono Boost)  
  17  0:51  Probe (Chrono Boost)  
  17  0:55  Assimilator  
  18  1:03  Probe (Chrono Boost)  
  19  1:05  Pylon  
  19  1:14  Probe (Chrono Boost)  
  20  1:19  Probe (Chrono Boost)  
  20  1:23  Cybernetics Core  
  21  1:29  Probe  
  21  1:30  Zealot  
  24  1:44  Probe  
  25  1:59  Sentry, Warp Gate  
  27  2:09  Nexus  
  27  2:14  Probe  
  28  2:26  Probe  
  29  2:30  Phoenix  
  29  2:31  Robotics Facility  
  29  2:38  Probe  
  30  2:45  Pylon  
  30  2:46  Gateway  
  29  2:57  Probe  
  30  3:03  Sentry  
  32  3:09  Probe  
  32  3:10  Shield Battery  
  33  3:18  Immortal (Chrono Boost)  
  37  3:22  Probe  
  37  3:26  Sentry  
  40  3:28  Probe  
  37  3:38  Probe  
  37  3:40  Probe  
  37  3:53  Warp Prism (Chrono Boost)  
  37  4:00  Probe  
  37  4:01  Probe  
  41  4:15  Probe  
  41  4:16  Probe  
  43  4:18  Phoenix, Pylon  
  47  4:24  Immortal (Chrono Boost)  
  47  4:28  Probe x2  
  49  4:38  Pylon  
  49  4:40  Probe  
  49  4:41  Probe  
  51  4:52  Immortal  
  51  4:53  Probe  
  56  5:02  Adept x2  
  60  5:22  Probe  
  60  5:24  Probe  
  60  5:27  Assimilator x2  
  62  5:29  Immortal (Chrono Boost)  
  62  5:47  Probe x2  
  64  5:52  Twilight Council  
  64  5:56  Pylon  
  62  5:59  Probe x2  
  62  6:00  Forge  
  62  6:04  Gateway  
  64  6:07  Gateway  
  64  6:11  Probe x2  
  64  6:15  Adept x2  
  64  6:16  Immortal  
  73  6:32  Probe x2  
  74  6:36  Photon Cannon, Shield Battery  
  70  6:40  Phoenix  
  70  6:43  Stalker x2  
  71  6:58  Immortal, Blink  
  75  7:02  Photon Cannon x2  
  75  7:06  Probe x2  
  77  7:15  Protoss Ground Weapons Level 1 (Chrono Boost)  
  77  7:18  Pylon  
  77  7:26  Stalker, Phoenix  
  76  7:33  Stalker  
  78  7:40  Probe x2  
  80  7:53  Stalker x3  
  80  7:55  Photon Cannon  
  86  7:58  Pylon  
  86  8:05  Pylon  
  86  8:11  Probe x2  
  82  8:14  Pylon  
  82  8:20  Warp Prism  
  82  8:24  Stalker x3  
  90  8:43  Pylon  
  90  8:51  Stalker x3  
  96  8:56  Pylon  
  94  9:09  Stalker  
  94  9:16  Stalker x3  
  99  9:34  Stalker  
  100  9:39  Stalker x3  
  106  9:53  Nexus  
  104  10:09  Sentry x3, Stalker  
  104  10:12  Probe x2  
  114  10:15  Pylon  
  114  10:40  Stalker x4  
  114  10:41  Probe (Chrono Boost)  
  114  10:42  Probe (Chrono Boost)  
  124  10:44  Shield Battery  
  124  10:51  Probe (Chrono Boost)  
  109  11:13  Stalker x4  
  117  11:18  Shield Battery  
  117  11:20  Shield Battery  
Show
View Real Time Build Order
Export as new Build Order

Nanami Protoss 

Build Orders:  

Get SALT Encoding   

  12  0:00  Probe  
  13  0:12  Probe  
  14  0:17  Pylon  
  14  0:24  Probe (Chrono Boost)  
  16  0:36  Gateway, Probe (Chrono Boost)  
  16  0:43  Probe (Chrono Boost)  
  16  0:45  Assimilator  
  17  0:51  Probe  
  17  0:55  Assimilator  
  18  1:03  Probe (Chrono Boost)  
  19  1:07  Gateway  
  20  1:12  Probe (Chrono Boost)  
  20  1:17  Probe (Chrono Boost)  
  20  1:23  Cybernetics Core  
  21  1:29  Probe  
  22  1:35  Pylon  
  22  1:41  Probe  
  23  1:53  Probe  
  24  2:09  Nexus  
  24  2:12  Warp Gate  
  24  2:15  Probe  
  25  2:26  Adept  
  25  2:27  Adept  
  28  2:30  Probe  
  29  2:42  Pylon  
  29  2:43  Probe  
  30  2:54  Robotics Facility  
  30  2:56  Probe  
  31  3:00  Sentry x2  
  35  3:08  Probe (Chrono Boost)  
  36  3:19  Probe (Chrono Boost)  
  37  3:23  Sentry, Probe (Chrono Boost)  
  41  3:28  Probe (Chrono Boost)  
  41  3:31  Probe (Chrono Boost)  
  42  3:34  Shield Battery  
  42  3:35  Probe (Chrono Boost)  
  42  3:36  Probe (Chrono Boost)  
  42  3:42  Immortal (Chrono Boost)  
  42  3:46  Probe  
  42  3:48  Probe  
  48  3:55  Twilight Council  
  48  3:58  Probe  
  48  3:59  Pylon  
  48  4:00  Probe  
  50  4:08  Sentry  
  52  4:14  Stalker  
  52  4:16  Warp Prism (Chrono Boost)  
  54  4:20  Shield Battery  
  54  4:22  Shield Battery  
  54  4:28  Assimilator  
  55  4:33  Pylon  
  55  4:35  Adept  
  56  4:42  Adept  
  58  4:49  Probe  
  58  4:50  Probe  
  60  4:57  Resonating Glaives  
  60  4:58  Adept  
  62  5:01  Probe  
  63  5:10  Adept  
  62  5:16  Pylon  
  62  5:19  Immortal (Chrono Boost)  
  60  5:22  Probe x2  
  60  5:26  Pylon  
  61  5:34  Probe  
  61  5:35  Probe  
  61  5:39  Gateway  
  61  5:42  Gateway  
  61  5:44  Gateway  
  61  5:46  Probe  
  61  5:47  Probe  
  61  5:48  Gateway  
  61  5:49  Immortal (Chrono Boost)  
  67  5:58  Probe, Adept  
  67  6:00  Adept  
  67  6:02  Probe  
  73  6:09  Pylon  
  73  6:10  Pylon  
  69  6:20  Probe  
  69  6:29  Probe  
  70  6:32  Stalker x2  
  75  6:40  Adept x3  
  75  6:44  Probe x2  
  82  6:47  Stargate  
  80  7:01  Adept x2  
  80  7:02  Immortal (Chrono Boost)  
  80  7:08  Pylon  
  86  7:12  Pylon  
  86  7:13  Pylon  
  86  7:19  Pylon  
  86  7:31  Phoenix (Chrono Boost)  
  84  7:37  Adept x6  
  93  7:57  Nexus  
  93  8:00  Pylon  
  93  8:03  Adept x3  
  93  8:04  Adept  
  101  8:10  Observer (Chrono Boost)  
  102  8:15  Probe x2  
  104  8:25  Blink  
  104  8:27  Probe x2  
  104  8:28  Forge  
  106  8:39  Probe x2  
  108  8:42  Immortal (Chrono Boost)  
  108  8:47  Robotics Bay  
  112  8:50  Assimilator  
  112  8:51  Probe x2  
  112  8:55  Shield Battery  
  113  9:03  Probe  
  113  9:06  Protoss Ground Weapons Level 1  
  114  9:14  Immortal (Chrono Boost)  
  114  9:21  Adept x3  
  114  9:22  Stalker  
  126  9:26  Adept x2  
  128  9:43  Disruptor (Chrono Boost)  
  130  9:46  Shield Battery  
  105  10:12  Adept x6  
  103  10:14  Disruptor (Chrono Boost)  
  107  10:26  Adept x4  
  107  10:27  Adept  
  117  10:39  Pylon  
  117  10:40  Pylon  
  115  10:47  Pylon  
  115  10:49  Pylon  
  115  10:51  Adept  
  115  10:56  Disruptor (Chrono Boost)  
  117  10:57  Adept  
  117  11:04  Adept x3  
  123  11:13  Adept x2  
  122  11:20  Adept  
Tags
 
Add a new tag
Caveats
  • Supply blocks, unpowered buildings, or Contaminate may cause inaccurate times.
  • Supply counts are checked every 10 seconds.